Map: Néo-Gettysburg EC

Players

zidar - Winner!

  • Race: Zerg Zerg
  • League: Platinum
  • Spawn Location: 5:00

VID

  • Race: Terran Terran
  • League: Platinum
  • Spawn Location: 7:00

VOD

Have the link to the VOD?

Description

Time

  • Played on: Oct. 19, 2016, 3:43 p.m.
  • Length: 25:05
Show
View Real Time Build Order
Export as new Build Order

zidar Zerg - Winner!

Build Orders: Hatch First 

Get SALT Encoding   

  12  0:01  Drone  
  13  0:13  Overlord  
  13  0:18  Drone  
  14  0:31  Drone x2  
  16  0:51  Hatchery  
  16  0:52  Drone  
  16  0:57  Extractor  
  16  0:58  Drone  
  16  1:03  Drone  
  17  1:21  Spawning Pool  
  17  1:23  Drone  
  17  1:28  Drone  
  18  1:35  Drone  
  19  1:40  Drone  
  20  2:07  Metabolic Boost  
  20  2:08  Queen  
  20  2:09  Queen  
  20  2:14  Overlord  
  24  2:17  Zergling x2  
  24  2:21  Zergling x2  
  26  2:24  Zergling x2  
  27  2:42  Zergling x4  
  27  2:43  Roach Warren  
  28  3:03  Overlord  
  28  3:04  Overlord x2  
  28  3:22  Spine Crawler  
  28  3:23  Spine Crawler  
  26  3:32  Roach x2  
  30  3:45  Drone x3  
  30  3:47  Drone  
  33  4:16  Roach x4  
  33  4:17  Roach  
  43  4:23  Zergling x4  
  45  4:38  Overlord x2  
  45  4:58  Drone x9  
  54  5:05  Overlord  
  54  5:15  Pneumatized Carapace  
  54  5:27  Extractor  
  53  5:30  Roach x5  
  53  5:34  Roach  
  65  5:43  Lair  
  65  5:48  Drone x2  
  67  5:50  Overlord  
  67  6:05  Ravager  
  67  6:09  Overlord x2  
  68  6:12  Roach x2  
  68  6:13  Roach x2  
  76  6:38  Ravager  
  77  6:40  Ravager  
  73  6:57  Ravager  
  73  7:00  Roach  
  73  7:01  Roach x2  
  80  7:10  Extractor  
  79  7:21  Evolution Chamber  
  78  7:24  Ravager  
  79  7:30  Roach x4  
  79  7:31  Zergling x6  
  79  7:32  Zergling x4  
  92  7:40  Overlord  
  92  7:41  Overlord x3  
  91  8:01  Roach x6  
  103  8:09  Zergling x4  
  105  8:21  Drone x3  
  105  8:24  Drone x3  
  53  9:05  Zergling x10  
  53  9:06  Zergling x8  
  48  9:23  Zerg Ground Armor Level 1  
  47  9:41  Roach x9  
  65  9:53  Overseer  
  65  10:05  Roach  
  65  10:06  Roach x4  
  75  10:07  Ravager x2  
  75  10:08  Ravager  
  78  10:17  Hatchery  
  77  10:26  Drone x4  
  81  10:28  Drone  
  81  10:29  Drone x2  
  81  10:35  Extractor  
  83  10:40  Roach x4  
  91  10:52  Queen  
  93  11:05  Infestation Pit  
  93  11:07  Roach  
  93  11:08  Roach x8  
  111  11:11  Ravager x3  
  111  11:12  Ravager  
  114  11:28  Zerg Ground Armor Level 2  
  114  11:31  Drone x7  
  121  11:34  Overlord x3  
  121  11:37  Ravager  
  122  11:54  Drone x3  
  122  11:55  Drone x4  
  122  11:57  Queen  
  122  12:01  Overlord  
  131  12:13  Hatchery  
  130  12:32  Extractor  
  130  12:35  Drone x3  
  130  12:37  Extractor  
  131  12:40  Drone x5  
  131  12:43  Drone  
  137  12:51  Hive  
  137  13:28  Roach  
  137  13:29  Roach x9  
  157  13:40  Hatchery  
  156  13:42  Evolution Chamber  
  155  14:16  Extractor x2  
  152  14:59  Zerg Ground Armor Level 3  
  152  15:00  Zerg Melee Weapons Level 1  
  152  15:11  Drone x4  
  152  15:12  Drone x3  
  152  15:13  Drone  
  160  15:16  Overlord x6  
  160  15:24  Roach x2  
  160  15:25  Roach x5  
  174  15:52  Adrenal Glands  
  174  15:53  Ultralisk Cavern  
  155  16:45  Chitinous Plating  
  155  16:51  Ultralisk  
  155  16:52  Ultralisk x4  
  155  16:53  Ultralisk x2  
  197  16:55  Zergling x4  
  199  17:21  Hatchery  
  198  17:31  Zerg Melee Weapons Level 2  
  198  17:42  Zergling x2  
  81  19:19  Spire  
  81  19:22  Ultralisk x2  
  81  19:23  Ultralisk x2  
  81  19:24  Ultralisk x4  
  104  19:25  Ultralisk x3  
  104  19:26  Ultralisk, Zergling x22  
  104  19:27  Zergling x20  
  130  21:20  Corruptor x2  
  130  21:21  Corruptor x4  
  130  21:22  Corruptor x3  
  130  21:23  Corruptor x4  
  130  21:24  Corruptor x3  
  130  21:25  Corruptor x3  
  164  21:26  Corruptor x4  
  164  21:27  Corruptor x3  
  164  21:28  Corruptor x4  
  164  21:29  Corruptor x2  
  180  22:19  Corruptor  
  180  22:20  Corruptor x4  
  180  22:21  Corruptor x3  
  180  22:22  Corruptor  
  192  22:23  Corruptor x3  
  198  22:49  Corruptor  
  192  23:44  Ultralisk  
  192  23:46  Zergling x4  
  200  24:05  Extractor  
  200  24:07  Extractor  
Show
View Real Time Build Order
Export as new Build Order

VID Terran 

Build Orders:  

Get SALT Encoding   

  12  0:01  SCV  
  13  0:16  Supply Depot  
  13  0:18  SCV  
  14  0:30  SCV  
  15  0:39  Barracks  
  15  0:42  SCV  
  16  0:54  SCV  
  17  0:57  Supply Depot  
  17  1:06  SCV  
  18  1:18  SCV  
  19  1:26  Barracks  
  19  1:29  Marine  
  19  1:32  Barracks  
  20  1:34  Barracks  
  20  1:44  Orbital Command  
  20  1:54  Marine  
  21  2:13  Barracks  
  21  2:15  Marine  
  22  2:16  Marine  
  22  2:21  Marine  
  22  2:22  Marine, Refinery  
  25  2:30  SCV, Supply Depot  
  25  2:33  Marine  
  25  2:34  Marine  
  28  2:45  Marine x2  
  28  2:50  Marine  
  31  2:52  Marine  
  32  3:01  Marine  
  32  3:02  Marine  
  32  3:03  Marine  
  35  3:08  Marine  
  35  3:09  Marine  
  37  3:18  Supply Depot  
  37  3:19  Marine  
  38  3:20  Marine  
  39  3:32  Barracks Tech Lab  
  39  3:38  Barracks Tech Lab  
  39  3:39  Marine x2, Barracks Tech Lab  
  39  3:41  Supply Depot  
  41  3:53  Marauder  
  43  3:57  Marine x2  
  43  3:58  Marauder  
  49  4:02  Marauder  
  49  4:04  Supply Depot  
  49  4:15  Refinery, SCV  
  50  4:27  SCV  
  49  4:33  Marine, Marauder x2  
  49  4:34  Supply Depot  
  54  4:39  SCV  
  54  4:44  Marine, Marauder  
  58  4:54  Marauder  
  58  4:57  Combat Shield  
  58  4:58  Engineering Bay  
  58  4:59  Marine x2  
  62  5:02  Concussive Shells  
  62  5:16  Marauder  
  62  5:17  Marauder, Supply Depot  
  66  5:24  Marauder  
  68  5:35  Terran Infantry Armor Level 1  
  68  5:36  Marine  
  69  5:45  Missile Turret  
  69  5:53  Marauder x2  
  73  6:26  Command Center  
  73  6:32  Factory  
  73  6:36  Marine x2, Marauder  
  72  7:18  Factory Tech Lab  
  72  7:20  Marauder x2  
  72  7:21  Marine, Marauder  
  79  7:28  Marine  
  80  7:34  Supply Depot  
  80  7:48  Siege Tank  
  83  7:57  Supply Depot, Starport  
  83  8:05  Terran Infantry Weapons Level 1  
  83  8:19  Supply Depot  
  83  8:20  Siege Tank  
  86  8:35  Medivac  
  43  9:06  Marine x4, Siege Tank  
  43  9:07  Marine  
  42  9:18  Medivac  
  44  9:24  Marine x2  
  44  9:25  Marauder  
  48  9:38  Siege Tank  
  42  9:47  Marine x5  
  47  10:01  SCV  
  47  10:05  Marauder  
  47  10:06  Marauder  
  52  10:10  Siege Tank  
  52  10:11  Refinery  
  52  10:13  SCV  
  56  10:17  SCV  
  57  10:25  SCV  
  58  10:29  SCV  
  58  10:32  Starport Reactor  
  59  10:36  Marauder x3  
  59  10:37  SCV  
  59  10:42  SCV  
  67  10:49  SCV  
  68  10:54  SCV  
  69  11:01  SCV  
  70  11:07  Command Center  
  70  11:13  Refinery, SCV  
  70  11:15  Siege Tank  
  70  11:17  Marine, Marauder  
  70  11:18  Marauder  
  79  11:24  Armory  
  79  11:26  SCV  
  79  11:30  Medivac  
  82  11:33  Medivac  
  84  11:43  Planetary Fortress  
  84  11:50  SCV  
  85  12:02  SCV  
  85  12:06  Medivac x2  
  85  12:07  Marine x4  
  85  12:08  Marine  
  95  12:25  Marine x2  
  95  12:27  Orbital Command  
  97  12:49  Missile Turret  
  97  12:53  Refinery  
  97  13:03  Orbital Command  
  100  13:06  Thor  
  100  13:10  Marine x2, Marauder x3  
  100  13:12  Medivac  
  113  13:21  Missile Turret  
  113  13:28  Marine x2  
  113  13:30  SCV  
  113  13:32  Sensor Tower  
  113  13:33  SCV  
  117  13:42  SCV x2  
  117  13:46  SCV  
  120  13:54  SCV x2  
  122  13:58  Missile Turret, SCV  
  123  14:07  Thor, SCV  
  130  14:15  Terran Infantry Armor Level 2  
  130  14:18  Refinery  
  130  14:19  SCV  
  130  14:20  Terran Vehicle And Ship Armor Level 1, Engineering Bay  
  131  14:29  Supply Depot  
  131  14:37  Missile Turret  
  131  14:52  Supply Depot  
  131  14:56  Thor  
  131  14:59  Missile Turret  
  141  15:00  Marine x3, Marauder x2  
  144  15:10  Terran Infantry Weapons Level 2  
  144  15:20  Missile Turret  
  144  15:31  Supply Depot  
  144  15:38  Starport  
  144  15:44  Starport  
  144  15:47  SCV  
  145  15:54  Supply Depot  
  145  15:57  Thor  
  145  15:59  SCV  
  152  16:15  Terran Vehicle Weapons Level 1  
  152  16:16  Starport  
  152  16:17  Supply Depot  
  152  16:34  Sensor Tower  
  152  16:39  Supply Depot  
  152  16:40  Starport Tech Lab  
  152  16:41  Starport Tech Lab  
  152  16:55  Fusion Core  
  152  16:57  Terran Infantry Armor Level 3  
  152  16:58  Starport Tech Lab  
  152  17:02  Missile Turret  
  152  17:23  Armory  
  152  17:39  Supply Depot  
  152  17:48  Battlecruiser x3  
  170  17:52  Command Center x2  
  170  18:01  Missile Turret  
  170  18:05  Starport Tech Lab  
  170  18:30  Missile Turret  
  170  18:52  Battlecruiser x2  
  170  18:54  Refinery  
  141  19:05  Sensor Tower  
  141  19:07  Weapon Refit, Missile Turret  
  107  19:17  Refinery  
  107  19:20  Battlecruiser  
  111  19:28  Missile Turret  
  111  19:34  Battlecruiser  
  118  19:46  Planetary Fortress  
  118  19:51  Missile Turret  
  117  19:54  SCV x3  
  120  20:06  SCV  
  121  20:11  Marine  
  121  20:12  Marine x4, Missile Turret  
  126  20:29  Marine  
  126  20:30  Marine x4  
  106  20:49  Marauder x3  
  110  20:50  Marine x2  
  116  21:07  Marine  
  116  21:08  Marine  
  116  21:11  Marauder x2  
  34  23:52  Orbital Command  
  33  24:26  Factory Tech Lab  
  33  24:34  Starport  
Tags
 
Add a new tag
Caveats
  • Supply blocks, unpowered buildings, or Contaminate may cause inaccurate times.
  • Supply counts are checked every 10 seconds.